 Dungeon Crawl Stone Soup version 0.31-a0-986-g5e6e4ef867 (webtiles) character file.

Game seed: 18302842555667605184

329 Persephone the Ruffian (level 6, -4/56 HPs)
             Began as a Ghoul Monk on Nov 18, 2023.
             Slain by a gnoll
             ... wielding a +0 spear
             ... led by a gnoll sergeant
              (6 damage)
             ... on level 4 of the Dungeon.
             The game lasted 00:03:15 (2243 turns).

Persephone the Ruffian (Ghoul Monk)                 Turns: 2243, Time: 00:03:15

Health: -4/56      AC:  6    Str: 17      XL:     6   Next: 51%
Magic:  5/5        EV: 11    Int:  5      God:
Gold:   167        SH:  0    Dex:  9 (11) Spells: 5/5 levels left

rFire   . .          .
                       - Unarmed
rCold   + . .        c - orb {light}
rNeg    + + +        h - +0 ring mail
rPois   ∞            (no helmet)
rElec   .            g - +0 cloak
rCorr   .            (no gloves)
SInv    .            (no boots)
Will    .....        (no amulet) Stlth
                     (no ring)
HPRegen 0.00/turn    (no ring)
MPRegen 0.09/turn

%: no passive effects
@: inhibited regen, glowing, invisible (but backlit and visible)
A: claws 1, cold resistance 1, negative energy resistance 3, inhibited
regeneration, torment resistance 2, devour on kill
a: no special abilities


You were on level 4 of the Dungeon.
You visited 1 branch of the dungeon, and saw 4 of its levels.

You collected 167 gold pieces.

Inventory:

Missiles
 y - a throwing net
 F - 2 boomerangs (quivered)
Armour
 a - a +0 robe
 c - an orb of light (worn)
 g - a +0 cloak (worn)
 h - a +0 ring mail (worn)
Jewellery
 m - a ring of magical power
Wands
 v - a wand of flame (9)
 w - a wand of paralysis (9)
 A - a wand of mindburst (6)
 B - a wand of polymorph (8)
Scrolls
 f - a scroll of poison {unknown}
 i - 3 scrolls of teleportation {unknown}
 j - 4 scrolls of fog {unknown}
 o - a scroll of fear {unknown}
 p - 2 scrolls of identify {unknown}
 q - 3 scrolls of immolation {unknown}
 r - a scroll of amnesia {unknown}
 s - a scroll of blinking {unknown}
 x - a scroll of vulnerability {unknown}
 C - a scroll of summoning {unknown}
Potions
 e - a potion of berserk rage {unknown}
 k - a potion of lignification {unknown}
 l - 2 potions of invisibility
 n - a potion of haste {unknown}
 t - a potion of heal wounds {unknown}
 u - a potion of magic {unknown}
 z - a potion of curing {unknown}
 D - a potion of brilliance {unknown}
 E - a potion of might {unknown}


   Skills:
 + Level 5.2 Fighting
 - Level 2.6 Dodging
 * Level 6.6 Unarmed Combat


You had 5 spell levels left.
You didn't know any spells.
Your spell library was empty.

Dungeon Overview and Level Annotations

Branches:
Dungeon (4/15)
 Temple: D:4-7

Altars:

Annotations:
D:4 1 runed translucent door, MrSquiggles's ghost, amateur DsWn


Innate Abilities, Weirdness & Mutations

You are immune to poison.
You have sharp fingernails.
Your flesh is cold resistant. (rC+)
You are immune to negative energy. (rN+++)
You do not regenerate when monsters are visible.
You are immune to unholy pain and torment.
You thrive by killing the living.


Message History

Things that are here:
a +0 flail; 11 gold pieces You scratch the adder but do no damage.
The adder is severely wounded.
You feel less invigorated.
You feel less confused. The adder barely misses you. The adder bites you.
You scratch the adder.
The adder is severely wounded.
The adder bites you but does no damage. The gnoll closely misses you.
The gnoll hits you from afar with a +0 spear.
* * * LOW HITPOINT WARNING * * *
The adder misses you. The adder bites you.
* * * LOW HITPOINT WARNING * * *
You scratch the adder but do no damage.
The adder is severely wounded.
The adder bites you.
* * * LOW HITPOINT WARNING * * *
The gnoll hits you with a +0 spear.
* * * LOW HITPOINT WARNING * * *
The gnoll barely misses you. The adder barely misses you.
It was a potion of invisibility.
You become transparent, but the glow from your halo prevents you from becoming completely invisible.
The adder bites you but does no damage. The gnoll barely misses you.
The adder barely misses you. The gnoll closely misses you.
The adder barely misses you.
You barely miss the adder.
The adder is severely wounded.
The adder bites you but does no damage. The gnoll barely misses you.
The gnoll hits you from afar with a +0 spear.
* * * LOW HITPOINT WARNING * * *
The adder misses you.
It was a potion of mutation.
You feel extremely strange.
Your body decomposes!
You feel clumsy.
Your body decomposes!
You feel clumsy. The adder closely misses you. The adder barely misses you.
The gnoll hits you with a +0 spear.
You die...

.... .... ...
..... ..# ....).
..# ..!... ..###
......### ....#
#.......##....###
......)g@.<..>...
........SS....###
###.###g.........
#. #.##.#.####
#....# # ##
##.####..### ..
#............# #
.. #..#.##.####.#
.# .. #..#.#
####.##..###


You could see 2 gnolls and 2 adders.

Vanquished Creatures
  A gnoll sergeant (D:4)
  Natasha (thrice) (D:3)
  Terence (D:3)
  Ijyb (D:3)
  An orc wizard (D:4)
  A gnoll (D:4)
  4 adders
  3 dart slugs
  7 orcs
  7 ball pythons
  A bat (D:2)
  6 endoplasms
  6 goblins
  3 hobgoblins (D:2)
  7 jackals
  2 quokkas
  A frilled lizard (D:2)
  3 kobolds
  A rat (D:2)
59 creatures vanquished.

Notes
Turn   | Place    | Note
-------+----------+-------------------------------------------
     0 | D:1      | Persephone the Ghoul Monk began the quest for the Orb.
     0 | D:1      | Reached XP level 1. HP: 19/19 MP: 0/0
   358 | D:1      | Reached XP level 2. HP: 26/26 MP: 1/1
   412 | D:1      | Reached skill level 4 in Unarmed Combat
   543 | D:2      | Reached XP level 3. HP: 33/33 MP: 2/2
  1146 | D:2      | Reached XP level 4. HP: 40/40 MP: 3/3
  1427 | D:3      | Noticed Terence
  1440 | D:3      | Killed Terence
  1441 | D:3      | Reached skill level 5 in Unarmed Combat
  1524 | D:3      | Noticed Natasha
  1531 | D:3      | Killed Natasha
  1532 | D:3      | Reached XP level 5. HP: 41/47 MP: 4/4
  1722 | D:3      | Noticed Natasha
  1730 | D:3      | Killed Natasha
  1938 | D:3      | Noticed Ijyb
  1946 | D:3      | Killed Ijyb
  1953 | D:3      | Noticed Natasha
  1960 | D:3      | Killed Natasha
  1961 | D:3      | Reached skill level 6 in Unarmed Combat
  2122 | D:4      | Noticed MrSquiggles's ghost (amateur DsWn)
  2125 | D:4      | Found a runed translucent door.
  2149 | D:4      | Reached skill level 5 in Fighting
  2149 | D:4      | Reached XP level 6. HP: 38/56 MP: 5/5
  2242 | D:4      | HP: 2/56 [gnoll/+0 spear[a gnoll sergeant] (4)]
  2243 | D:4      | Slain by a gnoll

Illustrated notes

Levels and vault maps discovered:
D:1:      lightli_iron_boxes, layout_loops_ring
D:2:      layout_loops_cross, kennysheep_flooded_box, kennysheep_crisscross,
          minmay_goblin_outpost
D:3:      layout_loops_cross, kennysheep_generic_room_13, uniq_terence,
          uniq_ijyb, uniq_natasha
D:4:      layout_basic, hellmonk_ghost_happy_afterlife

Skill      XL: |  1  2  3  4  5 |
---------------+----------------+-----
Unarmed Combat | 4 5 6 |  6.6
Fighting       | 4 5 |  5.2
Dodging        | |  2.6

Action                     |  1- 3 |  4- 6 || total
---------------------------+-------+-------++-------
  Melee: Unarmed           |    75 |   103 ||   178
  Throw: Boomerang         |       |     5 ||     5
    Use: Potion            |       |     3 ||     3
 Armour: Ring mail         |    38 |    95 ||   133
  Dodge: Dodged            |    41 |   104 ||   145

Table legend: (Time is in decaauts)
 A = Elapsed time spent in this place.
 B = Non-inter-level travel time spent in this place.
 C = Inter-level travel time spent in this place.
 D = Time resting spent in this place.
 E = Time spent auto-exploring this place.
 F = Levels seen in this place.
 G = Mean time per level.
                   A        B        C        D        E       F      G
               +--------+--------+--------+--------+--------+-----+--------+
         Total |   2233 |   2139 |     94 |      0 |   1767 |   4 |  558.2 |
       Dungeon |   2233 |   2139 |     94 |      0 |   1767 |   4 |  558.2 |
               +--------+--------+--------+--------+--------+-----+--------+

Top non-repeatable levels by time:
     D:3: 883 daAuts
     D:2: 683 daAuts
     D:1: 532 daAuts
     D:4: 133 daAuts
